 Dungeon Crawl Stone Soup version 0.13.0-7-g3df9ff1 (webtiles) character file.

165 Lilouch the Covered (level 4, 0/36 HPs)
             Began as a Demonspawn Fighter on Oct 16, 2013.
             Slain by Ijyb (3 damage)
             ... on Level 3 of the Dungeon.
             The game lasted 00:08:24 (1713 turns).

Lilouch the Covered (Demonspawn Fighter)            Turns: 1713, Time: 00:08:24

HP   0/36        AC  8     Str 17      XL: 4   Next: 91%
MP   3/3         EV  6     Int 10      God:
Gold 34          SH 18     Dex 12      Spells:  0 memorised,  3 levels left

Res.Fire  : . . .   See Invis. : .   a - +0 mace
Res.Cold  : . . .   Warding    : .   b - +0 scale mail
Life Prot.: . . .   Conserve   : .   c - +0 shield
Res.Poison: .       Res.Corr.  : .   (helmet restricted)
Res.Elec. : .       Clarity    : .   (no cloak)
Sust.Abil.: . .     Spirit.Shd : .   (no gloves)
Res.Mut.  : .       Stasis     : .   o - +0 pair of orc boots
Res.Rott. : .       Flight     : .   (no amulet)
Saprovore : . . .                    (no ring)
                                     (no ring)

@: slightly resistant to hostile enchantments, extremely unstealthy
A: antennae 1, powered by pain 1
a: no special abilities


You were on level 3 of the Dungeon.
You were not hungry.

You visited 1 branch of the dungeon, and saw 3 of its levels.

You collected 14 gold pieces.

Inventory:

Hand weapons
 a - a +0,+0 mace (weapon)
Missiles
 n - 16 poisoned needles
Armour
 b - a +0 scale mail (worn)
 c - a +0 shield (worn)
 o - a +0 pair of orcish boots (worn)
Comestibles
 d - 5 bread rations
 k - 4 meat rations
 s - an apple
 v - a pear
Scrolls
 f - a scroll of teleportation {unknown}
 g - 5 scrolls of identify {unknown}
 i - a scroll of curse weapon {unknown}
 j - a scroll of recharging {unknown}
 l - 2 scrolls of curse armour {unknown}
 m - a scroll of blinking {unknown}
 p - 2 scrolls of magic mapping {unknown}
 q - a scroll of remove curse {unknown}
 r - a scroll of curse jewellery {unknown}
 t - a scroll of fear {unknown}
 w - a scroll of random uselessness {unknown}
Jewellery
 e - an uncursed ring of ice {unknown}
Potions
 h - a potion of degeneration {unknown}
 u - 2 potions of curing {unknown}
 z - a potion of brilliance {unknown}
 A - a potion of speed {unknown}


   Skills:
 - Level 3.0 Fighting
 + Level 3.1 Maces & Flails
 + Level 3.6 Armour
 + Level 3.6 Shields


You had 3 spell levels left.
You didn't know any spells.

Dungeon Overview and Level Annotations

Branches:
Dungeon (3/27)

Altars:

Annotations:
D:3 Ijyb


Innate Abilities, Weirdness & Mutations

You have a pair of small antennae on your head.
You sometimes gain a little power by taking damage.


Message History

Ijyb zaps a wand.
The bolt of cold misses you. You block Ijyb's attack.
You hit Ijyb.
Ijyb is lightly wounded.
Ijyb hits you.
You hit Ijyb but do no damage.
Ijyb is lightly wounded.
Ijyb hits you but does no damage.
You hit Ijyb.
Ijyb is lightly wounded.
Ijyb zaps a wand.
The bolt of cold hits you!
Ouch! That really hurt!
* * * LOW HITPOINT WARNING * * *
You block Ijyb's attack.
You hit Ijyb but do no damage.
Ijyb is lightly wounded.
Ijyb zaps a wand.
The bolt of cold hits you!
* * * LOW HITPOINT WARNING * * *
Ijyb hits you.
You die...

## #! #. #
#. ###. #.
..!...
#.##.##.##
#........##
#.@g.......
##.#..##.##
#.##.# #
#.##.##.#
#.......#
#######
####.####
#.....#
#...#
#.>...#
###.#
#.....# #.#
#.....#


You could see Ijyb.

Vanquished Creatures
  4 adders (D:2)
  4 gnolls
  A worm (D:2)
  An ooze (D:2)
  4 giant cockroaches
  7 hobgoblins
  5 kobolds
  2 quokkas
  10 bats
  3 giant newts (D:2)
  6 goblins
  5 rats
52 creatures vanquished.

Notes
Turn   | Place    | Note
--------------------------------------------------------------
     0 | D:1      | Lilouch, the Demonspawn Fighter, began the quest for the Orb.
     0 | D:1      | Reached XP level 1. HP: 18/18 MP: 0/0
     0 | D:1      | Noticed a merfolk zombie
     2 | D:1      | Noticed an elf zombie
     3 | D:1      | Noticed an octopode zombie
     8 | D:1      | Noticed a draconian zombie
    10 | D:1      | Noticed a merfolk zombie
    14 | D:1      | Noticed a troll zombie
    16 | D:1      | Noticed an elf zombie
    16 | D:1      | Noticed a minotaur zombie
   333 | D:1      | Gained mutation: You have a pair of small antennae on your head. [demonic ancestry]
   333 | D:1      | Reached XP level 2. HP: 17/24 MP: 1/1
   676 | D:1      | Gained mutation: You sometimes gain a little power by taking damage. [demonic ancestry]
   676 | D:1      | Reached XP level 3. HP: 16/30 MP: 2/2
  1214 | D:2      | Reached XP level 4. HP: 30/36 MP: 3/3
  1703 | D:3      | Noticed Ijyb
  1713 | D:3      | Slain by Ijyb

Action                   |  1- 3 |  4- 6 || total
-------------------------+-------+-------++-------
Melee: Mace              |   120 |   106 ||   226
